 Dungeon Crawl Stone Soup version 0.27-a0-1595-g0b823d0a13 (webtiles) character file.

Game seed: 1760670466171538971

5678 Anon1729 the Fighter (level 10, -8/76 HPs)
             Began as an Octopode Monk on July 20, 2021.
             Was the Champion of Zin.
             Mangled by a two-headed ogre (34 damage)
             ... on level 9 of the Dungeon.
             The game lasted 00:21:22 (7510 turns).

Anon1729 the Fighter (Octopode Monk)                Turns: 7510, Time: 00:21:22

Health: -8/76      AC:  1    Str: 10    XL:     10   Next: 75%
Magic:  19/19      EV: 14    Int: 16    God:    Zin [******]
Gold:   302        SH:  0    Dex: 15    Spells: 9/9 levels left

rFire    . . .     SeeInvis .     - Unarmed
rCold    . . .     Faith    .   (no shield)
rNeg     . . .     Spirit   .   (helmet restricted)
rPois    .         Reflect  .   f - amulet of regeneration
rElec    .         Harm     .   y - ring of magical power
rCorr    .         Rampage  .   x - ring of wizardry
Will     .....                  A - ring of wizardry
Stlth    +++.......             (no ring)
HPRegen  1.22/turn              (no ring)
MPRegen  0.16/turn              (no ring)
                                (no ring)
                                (no ring)

@: on recite cooldown
A: almost no armour, amphibious, 8 rings, camouflage 1, gelatinous body 1,
(nimble swimmer 1), tentacles
a: Renounce Religion, Recite, Vitalisation, Imprison, Sanctuary, Donate Gold


You were on level 9 of the Dungeon.
You worshipped Zin.
Zin was exalted by your worship.
You visited 1 branch of the dungeon, and saw 9 of its levels.

You collected 397 gold pieces.
You spent 56 gold pieces at shops.
You donated 39 gold pieces to Zin.

Inventory:

Hand Weapons
 B - the +3 short sword "Othroa" {vorpal, *Corrode rPois Will+ Str+2}
   (You found it on level 6 of the Dungeon)

   It inflicts extra damage upon your enemies.
   Str:       It affects your strength (+2).
   rPois:     It protects you from poison.
   *Corrode:  It may corrode you when you take damage.
   Will:      It increases your willpower.
Missiles
 p - 89 arrows
 u - a throwing net (quivered)
Jewellery
 f - an amulet of regeneration (around mantle)
 n - an amulet of reflection
 x - a ring of wizardry (right tentacle)
 y - a ring of magical power (left tentacle)
 A - a ring of wizardry (on tentacle)
Scrolls
 b - 2 scrolls of vulnerability
 c - 3 scrolls of teleportation
 d - a scroll of fog
 e - a scroll of brand weapon
 j - 4 scrolls of amnesia
 k - a scroll of immolation
 o - 3 scrolls of enchant armour
 r - a scroll of blinking {unknown}
 t - 2 scrolls of magic mapping
 w - 2 scrolls of fear {unknown}
 z - a scroll of holy word {unknown}
 D - a scroll of noise {unknown}
 E - a scroll of torment {unknown}
Potions
 a - a potion of haste {unknown}
 g - 2 potions of curing
 h - a potion of lignification {unknown}
 i - 3 potions of cancellation {unknown}
 l - 2 potions of magic {unknown}
 m - 3 potions of berserk rage {unknown}
 q - a potion of mutation {unknown}
 s - 4 potions of heal wounds
 v - a potion of resistance {unknown}
 C - a potion of might {unknown}


   Skills:
 + Level 10.2 Fighting
 + Level 9.9 Bows
 - Level 3.0 Dodging
 - Level 2.6 Stealth
 - Level 8.1 Unarmed Combat
 + Level 0.0 Spellcasting
 + Level 0.0 Conjurations


You had 9 spell levels left.
You didn't know any spells.
Your spell library contained the following spells:

 Spells                   Type           Power      Damage    Failure   Level
 Magic Dart               Conj           0%         1d3       7%          1
 Searing Ray              Conj           0%         3d3       11%         2
 Airstrike                Air            0%         N/A       50%         4
 Fulminant Prism          Conj/Hex       0%         3d6       50%         4
 Summon Lightning Spire   Summ/Air       0%         N/A       50%         4
 Iskenderun's Battlesphe  Conj           0%         2d6       83%         5
 Lightning Bolt           Conj/Air       0%         1d11      83%         5
 Conjure Ball Lightning   Conj/Air       0%         3x3d6     100%        6
 Iron Shot                Conj/Erth      0%         9d1       100%        6
 Spellforged Servitor     Conj/Summ      0%         N/A       100%        7
 Discord                  Hex            0%         N/A       100%        8
 Disjunction              Tloc           0%         N/A       100%        8


Dungeon Overview and Level Annotations

Branches:
Dungeon (9/15)             Temple (0/1) D:6
   Lair: D:8-11         Orc: D:9-12

Altars:
Dithmenos
Fedhas
Hepliaklqana
Nemelex Xobeh
Qazlal
Yredelemnul
Zin

Shops:
D:2 !   D:4 (

Annotations:
D:5 3 runed translucent doors, 1 exclusion, Ge0ff's ghost, weakling FeDe
D:7 2 transporters, Gwenloh's ghost, novice TrMo
D:8 1 runed translucent door, Anon1729's ghost, novice MiMo


Innate Abilities, Weirdness & Mutations

You cannot wear most types of armour.
You are amphibious.
You can wear up to eight rings at the same time.
Your skin changes colour to match your surroundings (Stealth+).
Your rubbery body absorbs attacks. (AC +1, EV +1)
((You are camouflaged near water. (Stealth+)))
You have tentacles for arms and can constrict up to eight enemies at once.


Message History

You finish reciting Anathema 8:27.
You tentacle-slap the two-headed ogre.
The two-headed ogre is lightly wounded.
The two-headed ogre hits you with a +0 giant spiked club!
The two-headed ogre closely misses you.
You bludgeon the two-headed ogre!
The two-headed ogre is moderately wounded.
The two-headed ogre barely misses you. x2
You tentacle-slap the two-headed ogre but do no damage.
You squeeze the two-headed ogre.
The two-headed ogre is moderately wounded.
You closely miss the two-headed ogre.
The two-headed ogre is moderately wounded.
The two-headed ogre misses you.
The two-headed ogre hits you with a +0 giant spiked club!
You closely miss the two-headed ogre.
The two-headed ogre is moderately wounded.
The two-headed ogre misses you.
The two-headed ogre hits you with a +0 giant spiked club!!
You bludgeon the two-headed ogre! You squeeze the two-headed ogre.
The two-headed ogre is severely wounded.
You tentacle-slap the two-headed ogre.
The two-headed ogre is severely wounded.
The two-headed ogre hits you with a +0 giant spiked club! x2
* * * LOW HITPOINT WARNING * * *
You bludgeon the two-headed ogre!
The two-headed ogre is almost dead.
You tentacle-slap the two-headed ogre.
Your squeeze misses the two-headed ogre.
The two-headed ogre is almost dead.
The two-headed ogre closely misses you.
The two-headed ogre hits you with a +0 giant spiked club!
* * * LOW HITPOINT WARNING * * *
You aren't carrying any items that you can evoke.
Unknown command.
You feel much better.
The two-headed ogre is lost in a daze.
You tentacle-slap the two-headed ogre.
The two-headed ogre is almost dead.
The two-headed ogre hits you with a +0 giant spiked club!!
You die...

...........#
#..........#
#..........#
#..........#
#..........#
#..........#
#..........#
#..........#
#.......@..# ..
#......O...# ...#
#..........# ...#
#..........#
...######..........#
...................#
...................#
...................#
...................#


You could see a two-headed ogre (dazed).

Vanquished Creatures
  A death yak (D:8)
  A centaur zombie (D:6)
  Grinder (D:5)
  12 yaks (D:8)
  2 water moccasins
  3 sky beasts (D:6)
  2 orc warriors (D:8)
  An ice beast (D:8)
  2 ogres (D:5)
  A necrophage (D:4)
  A phantom (D:5)
  A kobold brigand (D:6)
  A bullfrog (D:8)
  3 scorpions
  Blork the orc (D:5)
  A wyvern skeleton (D:7)
  A water moccasin skeleton (D:4)
  2 electric eels (D:8)
  2 gnoll shamans
  2 centaur skeletons
  3 jellies
  A bullfrog skeleton (D:5)
  8 orc priests
  2 hounds (D:5)
  An iguana (D:6)
  Natasha (thrice) (D:2)
  Ijyb (D:5)
  9 orc wizards
  A killer bee zombie (D:7)
  10 gnolls
  7 adders
  A howler monkey skeleton (D:5)
  A shadow imp (D:8)
  3 white imps
  2 worms
  25 orcs
  4 ball pythons
  4 endoplasms
  9 giant cockroaches
  5 hobgoblins
  5 jackals (D:2)
  2 quokkas
  2 bats
  A frilled lizard (D:1)
  2 goblins
  5 kobolds
  7 rats
165 creatures vanquished.

Notes
Turn   | Place    | Note
-------+----------+-------------------------------------------
     0 | D:1      | Anon1729 the Octopode Monk began the quest for the Orb.
     0 | D:1      | Reached XP level 1. HP: 16/16 MP: 1/1
   140 | D:1      | Found a faded altar of an unknown god.
   149 | D:1      | Became a worshipper of Zin the Law-Giver
   149 | D:1      | Reached * piety under Zin
   149 | D:1      | Reached ** piety under Zin
   194 | D:1      | Reached XP level 2. HP: 21/21 MP: 2/2
   748 | D:1      | Reached *** piety under Zin
   903 | D:2      | Noticed Natasha
   907 | D:2      | Zin protects you from harm!
   908 | D:2      | Killed Natasha
   909 | D:2      | Reached XP level 3. HP: 12/26 MP: 3/3
   939 | D:2      | Noticed Natasha
  1088 | D:2      | Reached XP level 4. HP: 31/31 MP: 4/4
  1151 | D:2      | Found Qyl Xer's Distillery.
  1154 | D:2      | Bought a potion of degeneration for 14 gold pieces
  1154 | D:2      | Bought a potion of curing for 42 gold pieces
  1281 | D:2      | Reached skill level 5 in Unarmed Combat
  1360 | D:2      | Killed Natasha
  1428 | D:2      | Noticed Natasha
  1435 | D:2      | Killed Natasha
  1436 | D:2      | Reached XP level 5. HP: 36/36 MP: 5/5
  1823 | D:3      | Found a sparkling altar of Nemelex Xobeh.
  1937 | D:4      | Reached XP level 6. HP: 7/42 MP: 6/6
  1998 | D:4      | Identified the +0 pair of gloves of Dishonesty {Rampage rF-
                  | rCorr Dex-3}
  2025 | D:4      | Reached **** piety under Zin
  2412 | D:4      | Noticed a necrophage
  2420 | D:4      | Killed a necrophage
  2538 | D:4      | Reached XP level 7. HP: 38/46 MP: 7/7
  2552 | D:4      | Found Beri's Weapon Emporium.
  2854 | D:5      | Entered Level 5 of the Dungeon
  2854 | D:5      | Noticed Grinder
  2969 | D:4      | Reached skill level 1 in Bows
  3145 | D:5      | Found a runed translucent gate.
  3146 | D:5      | Found a runed translucent gate.
  3148 | D:5      | Found a runed translucent gate.
  3203 | D:5      | Noticed Blork the orc
  3222 | D:5      | Killed Blork the orc
  3471 | D:5      | Reached skill level 4 in Fighting
  3523 | D:4      | Reached XP level 8. HP: 27/54 MP: 8/8
  3571 | D:5      | Reached ***** piety under Zin
  3590 | D:5      | Noticed Ijyb
  3605 | D:5      | Killed Ijyb
  3678 | D:5      | Found a stormy altar of Qazlal.
  3803 | D:5      | Paralysed by Grinder for 3 turns
  3812 | D:5      | Killed Grinder
  3813 | D:5      | Reached skill level 5 in Fighting
  3898 | D:5      | You fall into a shaft and drop 3 floors!
  3983 | D:8      | Reached skill level 5 in Bows
  4008 | D:8      | Noticed a yak
  4008 | D:8      | Noticed a yak
  4008 | D:8      | Noticed a yak
  4076 | D:8      | Reached skill level 6 in Fighting
  4092 | D:8      | Reached XP level 9. HP: 21/63 MP: 9/9
  4427 | D:8      | Found a runed translucent door.
  4429 | D:8      | Noticed Anon1729's ghost (novice MiMo)
  4638 | D:8      | Found a glowing silver altar of Zin.
  4717 | D:8      | Found a shadowy altar of Dithmenos.
  4769 | D:8      | Reached skill level 7 in Fighting
  4882 | D:8      | HP: 3/65 [yak (15)]
  4988 | D:8      | Reached skill level 8 in Fighting
  5065 | D:8      | Reached XP level 10. HP: 25/73 MP: 10/10
  5355 | D:8      | Noticed a death yak
  5415 | D:8      | Reached skill level 9 in Fighting
  5593 | D:8      | Killed a death yak
  5723 | D:7      | Found a hazy altar of Hepliaklqana.
  5724 | D:7      | Found a basalt altar of Yredelemnul.
  6023 | D:7      | Noticed Gwenloh's ghost (novice TrMo)
  6098 | D:7      | Found a transporter.
  6098 | D:7      | Found a transporter.
  6103 | D:7      | Identified the +5 dire flail of Namuy {freeze, rPois}
  6534 | D:6      | Found a staircase to the Ecumenical Temple.
  6541 | D:6      | Reached ****** piety under Zin
  6629 | D:6      | Found a blossoming altar of Fedhas.
  6741 | D:6      | Identified the +3 short sword "Othroa" {vorpal, *Corrode
                  | rPois Will+ Str+2}
  6852 | D:6      | Reached skill level 10 in Fighting
  7283 | D:5      | Noticed Ge0ff's ghost (weakling FeDe)
  7476 | D:9      | Noticed a two-headed ogre
  7508 | D:9      | HP: 2/76 [two-headed ogre (14)]
  7510 | D:9      | Mangled by a two-headed ogre

Illustrated notes

Levels and vault maps discovered:
D:1:      lightli_arrival_boilingwater, layout_loops_ring,
          dreamdust_ecumenical_altar_sealed_demon
D:2:      layout_loops_ring, serial_glass, glass_columns_a, glass_columns_a,
          serial_shops, nicolae_shop_behind_doors, uniq_natasha
D:3:      layout_loops_ring, nemelex_diamond_rough_becter
D:4:      layout_basic, serial_shops, nicolae_shop_behind_doors
D:5:      layout_cave_pools, mainiacjoe_overflow_alcove_2, gammafunk_ghost_icy,
          minmay_joined_circles, uniq_grinder, uniq_blork_the_orc, uniq_ijyb
D:6:      layout_basic, mainiacjoe_overflow_surrounded_room,
          minmay_temple_entry_tees, nrook_pool_corridor
D:7:      layout_basic, mainiacjoe_overflow_large_starburst,
          gammafunk_ghost_smash
D:8:      argonaut_augean_stables, layout_cave_pools, zin_academy,
          grunt_dithmenos_shadows, gammafunk_ghost_grave
D:9:      layout_small_grid, uniq_harold

Skill      XL: |  1  2  3  4  5  6  7  8  9 10 |
---------------+-------------------------------+-----
Unarmed Combat | 4 5 6 7 8 |  8.1
Bows           | 3 5 8 9 |  9.9
Fighting       | 4 6 8 10 | 10.2
Dodging        | |  3.0
Stealth        | |  2.6

Action                   |  1- 3 |  4- 6 |  7- 9 | 10-12 || total
-------------------------+-------+-------+-------+-------++-------
Melee: Unarmed           |    47 |    88 |   299 |   224 ||   658
       Constrict         |     8 |    23 |    32 |    20 ||    83
       Tentacles         |     4 |    18 |    52 |    45 ||   119
       Punch             |       |     2 |    25 |    20 ||    47
Invok: Recite            |       |       |     3 |     1 ||     4
Evoke: Wand              |       |       |    10 |       ||    10
  Use: Scroll            |       |       |     7 |     2 ||     9
       Potion            |       |       |       |     1 ||     1
 Stab: Sleeping          |    10 |    11 |     3 |     7 ||    31
       Distracted        |       |     1 |     1 |       ||     2
       Invisible         |       |       |     1 |       ||     1
Armor: Skin              |     2 |     6 |    11 |    10 ||    29
Dodge: Dodged            |    24 |    41 |   159 |   101 ||   325

Table legend: (Time is in decaauts)
 A = Elapsed time spent in this place.
 B = Non-inter-level travel time spent in this place.
 C = Inter-level travel time spent in this place.
 D = Time resting spent in this place.
 E = Time spent auto-exploring this place.
 F = Levels seen in this place.
 G = Mean time per level.
                   A        B        C        D        E       F      G
               +--------+--------+--------+--------+--------+-----+--------+
         Total |   7434 |   7004 |    430 |    703 |   4244 |   9 |  826.0 |
       Dungeon |   7434 |   7004 |    430 |    703 |   4244 |   9 |  826.0 |
               +--------+--------+--------+--------+--------+-----+--------+

Top non-repeatable levels by time:
     D:8: 1776 daAuts
     D:4: 1363 daAuts
     D:7: 827 daAuts
     D:1: 795 daAuts
     D:5: 795 daAuts
     D:6: 679 daAuts
     D:2: 647 daAuts
     D:3: 492 daAuts
     D:9: 57 daAuts
